Warning! The script has encountered some errors when parsing the replay. Please report them to the . » details
0x70, prev: 0x65: 19 61 65 [70] 68 FF 7B 00 00 5A B4 00 00 1A 19 61 65 70 68 FF 7B 00 00 5A B4 00 00 1A 19 61 65 70 68 FF 7B 00 00 5A B4 00 00 1A 19 61 65 70 68 FF 7B 00 00 5A B4 00 00 1A 19 6C 69 6D 68 FF 7B 00 00 5A B4 00 00 1A 19 6C 69 6D 68 FF 7B 00 00 5A B4 00 00 1A 19 6C 69 6D 68 FF 7B 00 00 5A B4 00 00 1A 19 6C 69 6D 68 FF 7B 00 00 5A B4 00 00 1A 19 6C 69 6D 68 FF 7B 00 00 5A B4 00 00 1A 19 6C 69 6D 68 FF 7B 00 00 5A B4 00 00 1A 19 6C 69 6D 68 FF 7B 00 00 5A B4 00 00 1A 19 6C 69 6D 68 FF 7B 00 00 5A B4 00 00 1A 19 6C 69 6D 68 FF 7B 00 00 5A B4 00 00 1A 19 6C 69 6D 68 FF 7B 00 00 5A B4 00 00 1A 19 61 65 70 68 FF 7B 00 00 5A B4 00 00 1A 19 61 65 70 68 FF 7B 00 00 5A B4 00 00 1A 19 61 65 70 68 FF 7B 00 00 5A B4 00 00 1A 19 61 65 70 68 FF 7B 00 00 5A B4 00 00 1A 19 61 65 70 68 FF 7B 00 00 5A B4 00 00 1A 19 61 65 70 68 FF 7B 00 00 5A B4 00 00 1A 19 61 65 70 68 FF 7B 00 00 5A B4 00 00 1A 19 61 65 70 68 FF 7B 00 00 5A B4 00 00 1A 19 61 65 70 68 FF 7B 00 00 5A B4 00 00 1A 19 61 65 70 68 FF 7B 00 00 5A B4 00 00 1A 19 6C 69 6D 68 FF 7B 00 00 5A B4 00 00 1A 19 6C 69 6D 68 FF 7B 00 00 5A B4 00 00 1A 19 6C 69 6D 68 FF 7B 00 00 5A B4 00 00 1A 19 6C 69 6D 68 FF 7B 00 00 5A B4 00 00 1A 19 6C 69 6D 68 FF 7B 00 00 5A B4 00 00 1A 19 6C 69 6D 68 FF 7B 00 00 5A B4 00 00 1A 19 6C 69 6D 68 FF 7B 00 00 5A B4 00 00 1A 19 6C 69 6D 68 FF 7B 00 00 5A B4 00 00 1A 19 6C 69 6D 68 FF 7B 00 00 5A B4 00 00 1A 19 6C 69 6D 68 FF 7B 00 00 5A B4 00 00 1A 19 61 65 70 68 FF 7B 00 00 5A B4 00 00 1A 19 61 65 70 68 FF 7B 00 00 5A B4 00 00 1A 19 61 65 70 68 FF 7B 00 00 5A B4 00 00 1A 19 61 65 70 68 FF 7B 00 00 5A B4 00 00 1A 19 61 65 70 68 FF 7B 00 00 5A B4 00 00 1A 19 61 65 70 68 FF 7B 00 00 5A B4 00 00 1A 19 61 65 70 68 FF 7B 00 00 5A B4 00 00 1A 19 61 65 70 68 FF 7B 00 00 5A B4 00 00 1A 19 61 65 70 68 FF 7B 00 00 5A B4 00 00 1A 19 61 65 70 68 FF 7B 00 00 5A B4 00 00 1A 19 6C 69 6D 68 FF 7B 00 00 5A B4 00 00 1A 19 6C 69 6D 68 FF 7B 00 00 5A B4 00 00 1A 19 6C 69 6D 68 FF 7B 00 00 5A B4 00 00 1A 19 6C 69 6D 68 FF 7B 00 00 5A B4 00 00 1A 19 6C 69 6D 68 FF 7B 00 00 5A B4 00 00 1A 19 6C 69 6D 68 FF 7B 00 00 5A B4 00 00 1A 19 6C 69 6D 68 FF 7B 00 00 5A B4 00 00 1A 19 6C 69 6D 68 FF 7B 00 00 5A B4 00 00 1A 19 6C 69 6D 68 FF 7B 00 00 5A B4 00 00 1A 19 6C 69 6D 68 FF 7B 00 00 5A B4 00 00 1A 19 61 65 70 68 FF 7B 00 00 5A B4 00 00 1A 19 61 65 70 68 FF 7B 00 00 5A B4 00 00 1A 19 61 65 70 68 FF 7B 00 00 5A B4 00 00 1A 19 61 65 70 68 FF 7B 00 00 5A B4 00 00 1A 19 61 65 70 68 FF 7B 00 00 5A B4 00 00 1A 19 61 65 70 68 FF 7B 00 00 5A B4 00 00 1A 19 61 65 70 68 FF 7B 00 00 5A B4 00 00 1A 19 61 65 70 68 FF 7B 00 00 5A B4 00 00 1A 19 61 65 70 68 FF 7B 00 00 5A B4 00 00 1A 19 61 65 70 68 FF 7B 00 00 5A B4 00 00 1A 19 6C 69 6D 68 FF 7B 00 00 5A B4 00 00 1A 19 6C 69 6D 68 FF 7B 00 00 5A B4 00 00 1A 19 6C 69 6D 68 FF 7B 00 00 5A B4 00 00 1A 19 6C 69 6D 68 FF 7B 00 00 5A B4 00 00 1A 19 6C 69 6D 68 FF 7B 00 00 5A B4 00 00 1A 19 6C 69 6D 68 FF 7B 00 00 5A B4 00 00 1A 19 6C 69 6D 68 FF 7B 00 00 5A B4 00 00 1A 19 6C 69 6D 68 FF 7B 00 00 5A B4 00 00 1A 19 6C 69 6D 68 FF 7B 00 00 5A B4 00 00 1A
0xE0, prev: 0x70: 19 6F 65 70 6F [E0] 7E 00 00 D0 9B 00 00 1A 19 6F 65 70 6F E0 7E 00 00 D0 9B 00 00 1A 19 6F 65 70 6F E0 7E 00 00 D0 9B 00 00 1A 19 6F 65 70 6F E0 7E 00 00 D0 9B 00 00 1A 19 6F 65 70 6F E0 7E 00 00 D0 9B 00 00 1A 19 6F 65 70 6F E0 7E 00 00 D0 9B 00 00 1A 19 6F 65 70 6F E0 7E 00 00 D0 9B 00 00 1A 19 6F 65 70 6F E0 7E 00 00 D0 9B 00 00 1A 19 6F 65 70 6F E0 7E 00 00 D0 9B 00 00 1A 19 6F 65 70 6F E0 7E 00 00 D0 9B 00 00 1A 19 6F 65 70 6F E0 7E 00 00 D0 9B 00 00 1A 19 6F 65 70 6F E0 7E 00 00 D0 9B 00 00 1A 19 6F 65 70 6F E0 7E 00 00 D0 9B 00 00 1A 19 6F 65 70 6F E0 7E 00 00 D0 9B 00 00 1A 19 6F 65 70 6F E0 7E 00 00 D0 9B 00 00 1A 19 6F 65 70 6F E0 7E 00 00 D0 9B 00 00 1A 19 6F 65 70 6F E0 7E 00 00 D0 9B 00 00 1A 19 6F 65 70 6F E0 7E 00 00 D0 9B 00 00 1A 19 6F 65 70 6F E0 7E 00 00 D0 9B 00 00 1A 19 6F 65 70 6F E0 7E 00 00 D0 9B 00 00 1A 19 6F 65 70 6F E0 7E 00 00 D0 9B 00 00 1A 19 6F 65 70 6F E0 7E 00 00 D0 9B 00 00 1A 19 6F 65 70 6F E0 7E 00 00 D0 9B 00 00 1A 19 6F 65 70 6F E0 7E 00 00 D0 9B 00 00 1A 19 6F 65 70 6F E0 7E 00 00 D0 9B 00 00 1A 19 6F 65 70 6F E0 7E 00 00 D0 9B 00 00 1A 19 6F 65 70 6F E0 7E 00 00 D0 9B 00 00 1A 19 6F 65 70 6F E0 7E 00 00 D0 9B 00 00 1A 19 6F 65 70 6F E0 7E 00 00 D0 9B 00 00 1A 19 6F 65 70 6F E0 7E 00 00 D0 9B 00 00 1A 19 6F 65 70 6F E0 7E 00 00 D0 9B 00 00 1A 19 6F 65 70 6F E0 7E 00 00 D0 9B 00 00 1A 19 6F 65 70 6F E0 7E 00 00 D0 9B 00 00 1A 19 6F 65 70 6F E0 7E 00 00 D0 9B 00 00 1A 19 6F 65 70 6F E0 7E 00 00 D0 9B 00 00 1A 19 6F 65 70 6F E0 7E 00 00 D0 9B 00 00 1A 19 6F 65 70 6F E0 7E 00 00 D0 9B 00 00 1A 19 6F 65 70 6F E0 7E 00 00 D0 9B 00 00 1A 19 6F 65 70 6F E0 7E 00 00 D0 9B 00 00 1A 19 6F 65 70 6F E0 7E 00 00 D0 9B 00 00 1A 19 6F 65 70 6F E0 7E 00 00 D0 9B 00 00 1A 19 6F 65 70 6F E0 7E 00 00 D0 9B 00 00 1A 19 6F 65 70 6F E0 7E 00 00 D0 9B 00 00 1A 19 6F 65 70 6F E0 7E 00 00 D0 9B 00 00 1A 19 6F 65 70 6F E0 7E 00 00 D0 9B 00 00 1A 19 6F 65 70 6F E0 7E 00 00 D0 9B 00 00 1A 19 6F 65 70 6F E0 7E 00 00 D0 9B 00 00 1A 19 6F 65 70 6F E0 7E 00 00 D0 9B 00 00 1A 19 6F 65 70 6F E0 7E 00 00 D0 9B 00 00 1A 19 6F 65 70 6F E0 7E 00 00 D0 9B 00 00 1A 19 6F 65 70 6F E0 7E 00 00 D0 9B 00 00 1A 19 6F 65 70 6F E0 7E 00 00 D0 9B 00 00 1A 19 6F 65 70 6F E0 7E 00 00 D0 9B 00 00 1A 19 6F 65 70 6F E0 7E 00 00 D0 9B 00 00 1A 19 6F 65 70 6F E0 7E 00 00 D0 9B 00 00 1A 19 6F 65 70 6F E0 7E 00 00 D0 9B 00 00 1A 19 6F 65 70 6F E0 7E 00 00 D0 9B 00 00 1A 19 6F 65 70 6F E0 7E 00 00 D0 9B 00 00 1A 19 6F 65 70 6F E0 7E 00 00 D0 9B 00 00 1A 19 6F 65 70 6F E0 7E 00 00 D0 9B 00 00 1A 19 6F 65 70 6F E0 7E 00 00 D0 9B 00 00 1A 19 6F 65 70 6F E0 7E 00 00 D0 9B 00 00 1A 19 6F 65 70 6F E0 7E 00 00 D0 9B 00 00 1A 19 6F 65 70 6F E0 7E 00 00 D0 9B 00 00 1A 19 6F 65 70 6F E0 7E 00 00 D0 9B 00 00 1A 19 6F 65 70 6F E0 7E 00 00 D0 9B 00 00 1A 19 6F 65 70 6F E0 7E 00 00 D0 9B 00 00 1A 19 6F 65 70 6F E0 7E 00 00 D0 9B 00 00 1A 19 6F 65 70 6F E0 7E 00 00 D0 9B 00 00 1A 19 6F 65 70 6F E0 7E 00 00 D0 9B 00 00 1A 19 6F 65 70 6F E0 7E 00 00 D0 9B 00 00 1A 19 6F 65 70 6F E0 7E 00 00 D0 9B 00 00 1A 19 6F 65 70 6F E0 7E 00 00 D0 9B 00 00 1A
0x00, prev: 0xE0: 19 6F 65 70 6F E0 7E [00] 00 D0 9B 00 00 1A 19 6F 65 70 6F E0 7E 00 00 D0 9B 00 00 1A 19 6F 65 70 6F E0 7E 00 00 D0 9B 00 00 1A 19 6F 65 70 6F E0 7E 00 00 D0 9B 00 00 1A 19 6F 65 70 6F E0 7E 00 00 D0 9B 00 00 1A 19 6F 65 70 6F E0 7E 00 00 D0 9B 00 00 1A 19 6F 65 70 6F E0 7E 00 00 D0 9B 00 00 1A 19 6F 65 70 6F E0 7E 00 00 D0 9B 00 00 1A 19 6F 65 70 6F E0 7E 00 00 D0 9B 00 00 1A 19 6F 65 70 6F E0 7E 00 00 D0 9B 00 00 1A 19 6F 65 70 6F E0 7E 00 00 D0 9B 00 00 1A 19 6F 65 70 6F E0 7E 00 00 D0 9B 00 00 1A 19 6F 65 70 6F E0 7E 00 00 D0 9B 00 00 1A 19 6F 65 70 6F E0 7E 00 00 D0 9B 00 00 1A 19 6F 65 70 6F E0 7E 00 00 D0 9B 00 00 1A 19 6F 65 70 6F E0 7E 00 00 D0 9B 00 00 1A 19 6F 65 70 6F E0 7E 00 00 D0 9B 00 00 1A 19 6F 65 70 6F E0 7E 00 00 D0 9B 00 00 1A 19 6F 65 70 6F E0 7E 00 00 D0 9B 00 00 1A 19 6F 65 70 6F E0 7E 00 00 D0 9B 00 00 1A 19 6F 65 70 6F E0 7E 00 00 D0 9B 00 00 1A 19 6F 65 70 6F E0 7E 00 00 D0 9B 00 00 1A 19 6F 65 70 6F E0 7E 00 00 D0 9B 00 00 1A 19 6F 65 70 6F E0 7E 00 00 D0 9B 00 00 1A 19 6F 65 70 6F E0 7E 00 00 D0 9B 00 00 1A 19 6F 65 70 6F E0 7E 00 00 D0 9B 00 00 1A 19 6F 65 70 6F E0 7E 00 00 D0 9B 00 00 1A 19 6F 65 70 6F E0 7E 00 00 D0 9B 00 00 1A 19 6F 65 70 6F E0 7E 00 00 D0 9B 00 00 1A 19 6F 65 70 6F E0 7E 00 00 D0 9B 00 00 1A 19 6F 65 70 6F E0 7E 00 00 D0 9B 00 00 1A 19 6F 65 70 6F E0 7E 00 00 D0 9B 00 00 1A 19 6F 65 70 6F E0 7E 00 00 D0 9B 00 00 1A 19 6F 65 70 6F E0 7E 00 00 D0 9B 00 00 1A 19 6F 65 70 6F E0 7E 00 00 D0 9B 00 00 1A 19 6F 65 70 6F E0 7E 00 00 D0 9B 00 00 1A 19 6F 65 70 6F E0 7E 00 00 D0 9B 00 00 1A 19 6F 65 70 6F E0 7E 00 00 D0 9B 00 00 1A 19 6F 65 70 6F E0 7E 00 00 D0 9B 00 00 1A 19 6F 65 70 6F E0 7E 00 00 D0 9B 00 00 1A 19 6F 65 70 6F E0 7E 00 00 D0 9B 00 00 1A 19 6F 65 70 6F E0 7E 00 00 D0 9B 00 00 1A 19 6F 65 70 6F E0 7E 00 00 D0 9B 00 00 1A 19 6F 65 70 6F E0 7E 00 00 D0 9B 00 00 1A 19 6F 65 70 6F E0 7E 00 00 D0 9B 00 00 1A 19 6F 65 70 6F E0 7E 00 00 D0 9B 00 00 1A 19 6F 65 70 6F E0 7E 00 00 D0 9B 00 00 1A 19 6F 65 70 6F E0 7E 00 00 D0 9B 00 00 1A 19 6F 65 70 6F E0 7E 00 00 D0 9B 00 00 1A 19 6F 65 70 6F E0 7E 00 00 D0 9B 00 00 1A 19 6F 65 70 6F E0 7E 00 00 D0 9B 00 00 1A 19 6F 65 70 6F E0 7E 00 00 D0 9B 00 00 1A 19 6F 65 70 6F E0 7E 00 00 D0 9B 00 00 1A 19 6F 65 70 6F E0 7E 00 00 D0 9B 00 00 1A 19 6F 65 70 6F E0 7E 00 00 D0 9B 00 00 1A 19 6F 65 70 6F E0 7E 00 00 D0 9B 00 00 1A 19 6F 65 70 6F E0 7E 00 00 D0 9B 00 00 1A 19 6F 65 70 6F E0 7E 00 00 D0 9B 00 00 1A 19 6F 65 70 6F E0 7E 00 00 D0 9B 00 00 1A 19 6F 65 70 6F E0 7E 00 00 D0 9B 00 00 1A 19 6F 65 70 6F E0 7E 00 00 D0 9B 00 00 1A 19 6F 65 70 6F E0 7E 00 00 D0 9B 00 00 1A 19 6F 65 70 6F E0 7E 00 00 D0 9B 00 00 1A 19 6F 65 70 6F E0 7E 00 00 D0 9B 00 00 1A 19 6F 65 70 6F E0 7E 00 00 D0 9B 00 00 1A 19 6F 65 70 6F E0 7E 00 00 D0 9B 00 00 1A 19 6F 65 70 6F E0 7E 00 00 D0 9B 00 00 1A 19 6F 65 70 6F E0 7E 00 00 D0 9B 00 00 1A 19 6F 65 70 6F E0 7E 00 00 D0 9B 00 00 1A 19 6F 65 70 6F E0 7E 00 00 D0 9B 00 00 1A 19 6F 65 70 6F E0 7E 00 00 D0 9B 00 00 1A 19 6F 65 70 6F E0 7E 00 00 D0 9B 00 00 1A 19 6F 65 70 6F E0 7E 00 00 D0 9B 00 00 1A
0xD0, prev: 0x00: 19 6F 65 70 6F E0 7E 00 00 [D0] 9B 00 00 1A 19 6F 65 70 6F E0 7E 00 00 D0 9B 00 00 1A 19 6F 65 70 6F E0 7E 00 00 D0 9B 00 00 1A 19 6F 65 70 6F E0 7E 00 00 D0 9B 00 00 1A 19 6F 65 70 6F E0 7E 00 00 D0 9B 00 00 1A 19 6F 65 70 6F E0 7E 00 00 D0 9B 00 00 1A 19 6F 65 70 6F E0 7E 00 00 D0 9B 00 00 1A 19 6F 65 70 6F E0 7E 00 00 D0 9B 00 00 1A 19 6F 65 70 6F E0 7E 00 00 D0 9B 00 00 1A 19 6F 65 70 6F E0 7E 00 00 D0 9B 00 00 1A 19 6F 65 70 6F E0 7E 00 00 D0 9B 00 00 1A 19 6F 65 70 6F E0 7E 00 00 D0 9B 00 00 1A 19 6F 65 70 6F E0 7E 00 00 D0 9B 00 00 1A 19 6F 65 70 6F E0 7E 00 00 D0 9B 00 00 1A 19 6F 65 70 6F E0 7E 00 00 D0 9B 00 00 1A 19 6F 65 70 6F E0 7E 00 00 D0 9B 00 00 1A 19 6F 65 70 6F E0 7E 00 00 D0 9B 00 00 1A 19 6F 65 70 6F E0 7E 00 00 D0 9B 00 00 1A 19 6F 65 70 6F E0 7E 00 00 D0 9B 00 00 1A 19 6F 65 70 6F E0 7E 00 00 D0 9B 00 00 1A 19 6F 65 70 6F E0 7E 00 00 D0 9B 00 00 1A 19 6F 65 70 6F E0 7E 00 00 D0 9B 00 00 1A 19 6F 65 70 6F E0 7E 00 00 D0 9B 00 00 1A 19 6F 65 70 6F E0 7E 00 00 D0 9B 00 00 1A 19 6F 65 70 6F E0 7E 00 00 D0 9B 00 00 1A 19 6F 65 70 6F E0 7E 00 00 D0 9B 00 00 1A 19 6F 65 70 6F E0 7E 00 00 D0 9B 00 00 1A 19 6F 65 70 6F E0 7E 00 00 D0 9B 00 00 1A 19 6F 65 70 6F E0 7E 00 00 D0 9B 00 00 1A 19 6F 65 70 6F E0 7E 00 00 D0 9B 00 00 1A 19 6F 65 70 6F E0 7E 00 00 D0 9B 00 00 1A 19 6F 65 70 6F E0 7E 00 00 D0 9B 00 00 1A 19 6F 65 70 6F E0 7E 00 00 D0 9B 00 00 1A 19 6F 65 70 6F E0 7E 00 00 D0 9B 00 00 1A 19 6F 65 70 6F E0 7E 00 00 D0 9B 00 00 1A 19 6F 65 70 6F E0 7E 00 00 D0 9B 00 00 1A 19 6F 65 70 6F E0 7E 00 00 D0 9B 00 00 1A 19 6F 65 70 6F E0 7E 00 00 D0 9B 00 00 1A 19 6F 65 70 6F E0 7E 00 00 D0 9B 00 00 1A 19 6F 65 70 6F E0 7E 00 00 D0 9B 00 00 1A 19 6F 65 70 6F E0 7E 00 00 D0 9B 00 00 1A 19 6F 65 70 6F E0 7E 00 00 D0 9B 00 00 1A 19 6F 65 70 6F E0 7E 00 00 D0 9B 00 00 1A 19 6F 65 70 6F E0 7E 00 00 D0 9B 00 00 1A 19 6F 65 70 6F E0 7E 00 00 D0 9B 00 00 1A 19 6F 65 70 6F E0 7E 00 00 D0 9B 00 00 1A 19 6F 65 70 6F E0 7E 00 00 D0 9B 00 00 1A 19 6F 65 70 6F E0 7E 00 00 D0 9B 00 00 1A 19 6F 65 70 6F E0 7E 00 00 D0 9B 00 00 1A 19 6F 65 70 6F E0 7E 00 00 D0 9B 00 00 1A 19 6F 65 70 6F E0 7E 00 00 D0 9B 00 00 1A 19 6F 65 70 6F E0 7E 00 00 D0 9B 00 00 1A 19 6F 65 70 6F E0 7E 00 00 D0 9B 00 00 1A 19 6F 65 70 6F E0 7E 00 00 D0 9B 00 00 1A 19 6F 65 70 6F E0 7E 00 00 D0 9B 00 00 1A 19 6F 65 70 6F E0 7E 00 00 D0 9B 00 00 1A 19 6F 65 70 6F E0 7E 00 00 D0 9B 00 00 1A 19 6F 65 70 6F E0 7E 00 00 D0 9B 00 00 1A 19 6F 65 70 6F E0 7E 00 00 D0 9B 00 00 1A 19 6F 65 70 6F E0 7E 00 00 D0 9B 00 00 1A 19 6F 65 70 6F E0 7E 00 00 D0 9B 00 00 1A 19 6F 65 70 6F E0 7E 00 00 D0 9B 00 00 1A 19 6F 65 70 6F E0 7E 00 00 D0 9B 00 00 1A 19 6F 65 70 6F E0 7E 00 00 D0 9B 00 00 1A 19 6F 65 70 6F E0 7E 00 00 D0 9B 00 00 1A 19 6F 65 70 6F E0 7E 00 00 D0 9B 00 00 1A 19 6F 65 70 6F E0 7E 00 00 D0 9B 00 00 1A 19 6F 65 70 6F E0 7E 00 00 D0 9B 00 00 1A 19 6F 65 70 6F E0 7E 00 00 D0 9B 00 00 1A 19 6F 65 70 6F E0 7E 00 00 D0 9B 00 00 1A 19 6F 65 70 6F E0 7E 00 00 D0 9B 00 00 1A 19 6F 65 70 6F E0 7E 00 00 D0 9B 00 00 1A 19 6F 65 70 6F E0 7E 00 00 D0 9B 00 00 1A
0x00, prev: 0xD0: 19 6F 65 70 6F E0 7E 00 00 D0 9B [00] 00 1A 19 6F 65 70 6F E0 7E 00 00 D0 9B 00 00 1A 19 6F 65 70 6F E0 7E 00 00 D0 9B 00 00 1A 19 6F 65 70 6F E0 7E 00 00 D0 9B 00 00 1A 19 6F 65 70 6F E0 7E 00 00 D0 9B 00 00 1A 19 6F 65 70 6F E0 7E 00 00 D0 9B 00 00 1A 19 6F 65 70 6F E0 7E 00 00 D0 9B 00 00 1A 19 6F 65 70 6F E0 7E 00 00 D0 9B 00 00 1A 19 6F 65 70 6F E0 7E 00 00 D0 9B 00 00 1A 19 6F 65 70 6F E0 7E 00 00 D0 9B 00 00 1A 19 6F 65 70 6F E0 7E 00 00 D0 9B 00 00 1A 19 6F 65 70 6F E0 7E 00 00 D0 9B 00 00 1A 19 6F 65 70 6F E0 7E 00 00 D0 9B 00 00 1A 19 6F 65 70 6F E0 7E 00 00 D0 9B 00 00 1A 19 6F 65 70 6F E0 7E 00 00 D0 9B 00 00 1A 19 6F 65 70 6F E0 7E 00 00 D0 9B 00 00 1A 19 6F 65 70 6F E0 7E 00 00 D0 9B 00 00 1A 19 6F 65 70 6F E0 7E 00 00 D0 9B 00 00 1A 19 6F 65 70 6F E0 7E 00 00 D0 9B 00 00 1A 19 6F 65 70 6F E0 7E 00 00 D0 9B 00 00 1A 19 6F 65 70 6F E0 7E 00 00 D0 9B 00 00 1A 19 6F 65 70 6F E0 7E 00 00 D0 9B 00 00 1A 19 6F 65 70 6F E0 7E 00 00 D0 9B 00 00 1A 19 6F 65 70 6F E0 7E 00 00 D0 9B 00 00 1A 19 6F 65 70 6F E0 7E 00 00 D0 9B 00 00 1A 19 6F 65 70 6F E0 7E 00 00 D0 9B 00 00 1A 19 6F 65 70 6F E0 7E 00 00 D0 9B 00 00 1A 19 6F 65 70 6F E0 7E 00 00 D0 9B 00 00 1A 19 6F 65 70 6F E0 7E 00 00 D0 9B 00 00 1A 19 6F 65 70 6F E0 7E 00 00 D0 9B 00 00 1A 19 6F 65 70 6F E0 7E 00 00 D0 9B 00 00 1A 19 6F 65 70 6F E0 7E 00 00 D0 9B 00 00 1A 19 6F 65 70 6F E0 7E 00 00 D0 9B 00 00 1A 19 6F 65 70 6F E0 7E 00 00 D0 9B 00 00 1A 19 6F 65 70 6F E0 7E 00 00 D0 9B 00 00 1A 19 6F 65 70 6F E0 7E 00 00 D0 9B 00 00 1A 19 6F 65 70 6F E0 7E 00 00 D0 9B 00 00 1A 19 6F 65 70 6F E0 7E 00 00 D0 9B 00 00 1A 19 6F 65 70 6F E0 7E 00 00 D0 9B 00 00 1A 19 6F 65 70 6F E0 7E 00 00 D0 9B 00 00 1A 19 6F 65 70 6F E0 7E 00 00 D0 9B 00 00 1A 19 6F 65 70 6F E0 7E 00 00 D0 9B 00 00 1A 19 6F 65 70 6F E0 7E 00 00 D0 9B 00 00 1A 19 6F 65 70 6F E0 7E 00 00 D0 9B 00 00 1A 19 6F 65 70 6F E0 7E 00 00 D0 9B 00 00 1A 19 6F 65 70 6F E0 7E 00 00 D0 9B 00 00 1A 19 6F 65 70 6F E0 7E 00 00 D0 9B 00 00 1A 19 6F 65 70 6F E0 7E 00 00 D0 9B 00 00 1A 19 6F 65 70 6F E0 7E 00 00 D0 9B 00 00 1A 19 6F 65 70 6F E0 7E 00 00 D0 9B 00 00 1A 19 6F 65 70 6F E0 7E 00 00 D0 9B 00 00 1A 19 6F 65 70 6F E0 7E 00 00 D0 9B 00 00 1A 19 6F 65 70 6F E0 7E 00 00 D0 9B 00 00 1A 19 6F 65 70 6F E0 7E 00 00 D0 9B 00 00 1A 19 6F 65 70 6F E0 7E 00 00 D0 9B 00 00 1A 19 6F 65 70 6F E0 7E 00 00 D0 9B 00 00 1A 19 6F 65 70 6F E0 7E 00 00 D0 9B 00 00 1A 19 6F 65 70 6F E0 7E 00 00 D0 9B 00 00 1A 19 6F 65 70 6F E0 7E 00 00 D0 9B 00 00 1A 19 6F 65 70 6F E0 7E 00 00 D0 9B 00 00 1A 19 6F 65 70 6F E0 7E 00 00 D0 9B 00 00 1A 19 6F 65 70 6F E0 7E 00 00 D0 9B 00 00 1A 19 6F 65 70 6F E0 7E 00 00 D0 9B 00 00 1A 19 6F 65 70 6F E0 7E 00 00 D0 9B 00 00 1A 19 6F 65 70 6F E0 7E 00 00 D0 9B 00 00 1A 19 6F 65 70 6F E0 7E 00 00 D0 9B 00 00 1A 19 6F 65 70 6F E0 7E 00 00 D0 9B 00 00 1A 19 6F 65 70 6F E0 7E 00 00 D0 9B 00 00 1A 19 6F 65 70 6F E0 7E 00 00 D0 9B 00 00 1A 19 6F 65 70 6F E0 7E 00 00 D0 9B 00 00 1A 19 6F 65 70 6F E0 7E 00 00 D0 9B 00 00 1A 19 6F 65 70 6F E0 7E 00 00 D0 9B 00 00 1A 19 6F 65 70 6F E0 7E 00 00 D0 9B 00 00 1A
0x6C, prev: 0x1B: 19 6C 69 6D 68 1B 7C 00 00 42 9C 00 00 1A 19 6C 69 6D 68 1B 7C 00 00 42 9C 00 00 1A 19 6C 69 6D 68 1B 7C 00 00 42 9C 00 00 1A 19 6C 69 6D 68 1B 7C 00 00 42 9C 00 00 1A 19 6C 69 6D 68 1B 7C 00 00 42 9C 00 00 1A 19 6C 69 6D 68 1B 7C 00 00 42 9C 00 00 1A 19 61 65 70 68 1B 7C 00 00 42 9C 00 00 1A 19 61 65 70 68 1B 7C 00 00 42 9C 00 00 1A 19 61 65 70 68 1B 7C 00 00 42 9C 00 00 1A 19 61 65 70 68 1B 7C 00 00 42 9C 00 00 1A 19 61 65 70 68 1B 7C 00 00 42 9C 00 00 1A 19 61 65 70 68 1B 7C 00 00 42 9C 00 00 1A 19 61 65 70 68 1B 7C 00 00 42 9C 00 00 1A 19 61 65 70 68 1B 7C 00 00 42 9C 00 00 1A 19 61 65 70 68 1B 7C 00 00 42 9C 00 00 1A 19 61 65 70 68 1B 7C 00 00 42 9C 00 00 1A 19 6C 69 6D 68 1B 7C 00 00 42 9C 00 00 1A 19 6C 69 6D 68 1B 7C 00 00 42 9C 00 00 1A 19 6C 69 6D 68 1B 7C 00 00 42 9C 00 00 1A 19 6C 69 6D 68 1B 7C 00 00 42 9C 00 00 1A 19 6C 69 6D 68 1B 7C 00 00 42 9C 00 00 1A 19 6C 69 6D 68 1B 7C 00 00 42 9C 00 00 1A 19 6C 69 6D 68 1B 7C 00 00 42 9C 00 00 1A 19 6C 69 6D 68 1B 7C 00 00 42 9C 00 00 1A 19 6C 69 6D 68 1B 7C 00 00 42 9C 00 00 1A 19 6C 69 6D 68 1B 7C 00 00 42 9C 00 00 1A 19 61 65 70 68 1B 7C 00 00 42 9C 00 00 1A 19 61 65 70 68 1B 7C 00 00 42 9C 00 00 1A 19 61 65 70 68 1B 7C 00 00 42 9C 00 00 1A 19 61 65 70 68 1B 7C 00 00 42 9C 00 00 1A 19 61 65 70 68 1B 7C 00 00 42 9C 00 00 1A 19 61 65 70 68 1B 7C 00 00 42 9C 00 00 1A 19 61 65 70 68 1B 7C 00 00 42 9C 00 00 1A 19 61 65 70 68 1B 7C 00 00 42 9C 00 00 1A 19 61 65 70 68 1B 7C 00 00 42 9C 00 00 1A 19 61 65 70 68 1B 7C 00 00 42 9C 00 00 1A 19 6C 69 6D 68 1B 7C 00 00 42 9C 00 00 1A 19 6C 69 6D 68 1B 7C 00 00 42 9C 00 00 1A 19 6C 69 6D 68 1B 7C 00 00 42 9C 00 00 1A 19 6C 69 6D 68 1B 7C 00 00 42 9C 00 00 1A 19 6C 69 6D 68 1B 7C 00 00 42 9C 00 00 1A 19 6C 69 6D 68 1B 7C 00 00 42 9C 00 00 1A 19 6C 69 6D 68 1B 7C 00 00 42 9C 00 00 1A 19 6C 69 6D 68 1B 7C 00 00 42 9C 00 00 1A 19 6C 69 6D 68 1B 7C 00 00 42 9C 00 00 1A 19 6C 69 6D 68 1B 7C 00 00 42 9C 00 00 1A 19 61 65 70 68 1B 7C 00 00 42 9C 00 00 1A 19 61 65 70 68 1B 7C 00 00 42 9C 00 00 1A 19 61 65 70 68 1B 7C 00 00 42 9C 00 00 1A 19 61 65 70 68 1B 7C 00 00 42 9C 00 00 1A 19 61 65 70 68 1B 7C 00 00 42 9C 00 00 1A 19 61 65 70 68 1B 7C 00 00 42 9C 00 00 1A 19 61 65 70 68 1B 7C 00 00 42 9C 00 00 1A 19 61 65 70 68 1B 7C 00 00 42 9C 00 00 1A 19 61 65 70 68 1B 7C 00 00 42 9C 00 00 1A 19 61 65 70 68 1B 7C 00 00 42 9C 00 00 1A 19 6C 69 6D 68 1B 7C 00 00 42 9C 00 00 1A 19 6C 69 6D 68 1B 7C 00 00 42 9C 00 00 1A 19 6C 69 6D 68 1B 7C 00 00 42 9C 00 00 1A 19 6C 69 6D 68 1B 7C 00 00 42 9C 00 00 1A 19 6C 69 6D 68 1B 7C 00 00 42 9C 00 00 1A 19 6C 69 6D 68 1B 7C 00 00 42 9C 00 00 1A 19 6C 69 6D 68 1B 7C 00 00 42 9C 00 00 1A 19 6C 69 6D 68 1B 7C 00 00 42 9C 00 00 1A 19 6C 69 6D 68 1B 7C 00 00 42 9C 00 00 1A 19 [6C] 69 6D 68 1B 7C 00 00 42 9C 00 00 1A 19 61 65 70 68 1B 7C 00 00 42 9C 00 00 1A 19 61 65 70 68 1B 7C 00 00 42 9C 00 00 1A 19 61 65 70 68 1B 7C 00 00 42 9C 00 00 1A 19 61 65 70 68 1B 7C 00 00 42 9C 00 00 1A 19 61 65 70 68 1B 7C 00 00 42 9C 00 00 1A 19 61 65 70 68 1B 7C 00 00 42 9C 00 00 1A 19 61 65 70 68 1B 7C 00 00 42 9C 00 00 1A
0x6D, prev: 0x6C: 19 6C 69 6D 68 1B 7C 00 00 42 9C 00 00 1A 19 6C 69 6D 68 1B 7C 00 00 42 9C 00 00 1A 19 6C 69 6D 68 1B 7C 00 00 42 9C 00 00 1A 19 6C 69 6D 68 1B 7C 00 00 42 9C 00 00 1A 19 6C 69 6D 68 1B 7C 00 00 42 9C 00 00 1A 19 6C 69 6D 68 1B 7C 00 00 42 9C 00 00 1A 19 61 65 70 68 1B 7C 00 00 42 9C 00 00 1A 19 61 65 70 68 1B 7C 00 00 42 9C 00 00 1A 19 61 65 70 68 1B 7C 00 00 42 9C 00 00 1A 19 61 65 70 68 1B 7C 00 00 42 9C 00 00 1A 19 61 65 70 68 1B 7C 00 00 42 9C 00 00 1A 19 61 65 70 68 1B 7C 00 00 42 9C 00 00 1A 19 61 65 70 68 1B 7C 00 00 42 9C 00 00 1A 19 61 65 70 68 1B 7C 00 00 42 9C 00 00 1A 19 61 65 70 68 1B 7C 00 00 42 9C 00 00 1A 19 61 65 70 68 1B 7C 00 00 42 9C 00 00 1A 19 6C 69 6D 68 1B 7C 00 00 42 9C 00 00 1A 19 6C 69 6D 68 1B 7C 00 00 42 9C 00 00 1A 19 6C 69 6D 68 1B 7C 00 00 42 9C 00 00 1A 19 6C 69 6D 68 1B 7C 00 00 42 9C 00 00 1A 19 6C 69 6D 68 1B 7C 00 00 42 9C 00 00 1A 19 6C 69 6D 68 1B 7C 00 00 42 9C 00 00 1A 19 6C 69 6D 68 1B 7C 00 00 42 9C 00 00 1A 19 6C 69 6D 68 1B 7C 00 00 42 9C 00 00 1A 19 6C 69 6D 68 1B 7C 00 00 42 9C 00 00 1A 19 6C 69 6D 68 1B 7C 00 00 42 9C 00 00 1A 19 61 65 70 68 1B 7C 00 00 42 9C 00 00 1A 19 61 65 70 68 1B 7C 00 00 42 9C 00 00 1A 19 61 65 70 68 1B 7C 00 00 42 9C 00 00 1A 19 61 65 70 68 1B 7C 00 00 42 9C 00 00 1A 19 61 65 70 68 1B 7C 00 00 42 9C 00 00 1A 19 61 65 70 68 1B 7C 00 00 42 9C 00 00 1A 19 61 65 70 68 1B 7C 00 00 42 9C 00 00 1A 19 61 65 70 68 1B 7C 00 00 42 9C 00 00 1A 19 61 65 70 68 1B 7C 00 00 42 9C 00 00 1A 19 61 65 70 68 1B 7C 00 00 42 9C 00 00 1A 19 6C 69 6D 68 1B 7C 00 00 42 9C 00 00 1A 19 6C 69 6D 68 1B 7C 00 00 42 9C 00 00 1A 19 6C 69 6D 68 1B 7C 00 00 42 9C 00 00 1A 19 6C 69 6D 68 1B 7C 00 00 42 9C 00 00 1A 19 6C 69 6D 68 1B 7C 00 00 42 9C 00 00 1A 19 6C 69 6D 68 1B 7C 00 00 42 9C 00 00 1A 19 6C 69 6D 68 1B 7C 00 00 42 9C 00 00 1A 19 6C 69 6D 68 1B 7C 00 00 42 9C 00 00 1A 19 6C 69 6D 68 1B 7C 00 00 42 9C 00 00 1A 19 6C 69 6D 68 1B 7C 00 00 42 9C 00 00 1A 19 61 65 70 68 1B 7C 00 00 42 9C 00 00 1A 19 61 65 70 68 1B 7C 00 00 42 9C 00 00 1A 19 61 65 70 68 1B 7C 00 00 42 9C 00 00 1A 19 61 65 70 68 1B 7C 00 00 42 9C 00 00 1A 19 61 65 70 68 1B 7C 00 00 42 9C 00 00 1A 19 61 65 70 68 1B 7C 00 00 42 9C 00 00 1A 19 61 65 70 68 1B 7C 00 00 42 9C 00 00 1A 19 61 65 70 68 1B 7C 00 00 42 9C 00 00 1A 19 61 65 70 68 1B 7C 00 00 42 9C 00 00 1A 19 61 65 70 68 1B 7C 00 00 42 9C 00 00 1A 19 6C 69 6D 68 1B 7C 00 00 42 9C 00 00 1A 19 6C 69 6D 68 1B 7C 00 00 42 9C 00 00 1A 19 6C 69 6D 68 1B 7C 00 00 42 9C 00 00 1A 19 6C 69 6D 68 1B 7C 00 00 42 9C 00 00 1A 19 6C 69 6D 68 1B 7C 00 00 42 9C 00 00 1A 19 6C 69 6D 68 1B 7C 00 00 42 9C 00 00 1A 19 6C 69 6D 68 1B 7C 00 00 42 9C 00 00 1A 19 6C 69 6D 68 1B 7C 00 00 42 9C 00 00 1A 19 6C 69 6D 68 1B 7C 00 00 42 9C 00 00 1A 19 6C 69 [6D] 68 1B 7C 00 00 42 9C 00 00 1A 19 61 65 70 68 1B 7C 00 00 42 9C 00 00 1A 19 61 65 70 68 1B 7C 00 00 42 9C 00 00 1A 19 61 65 70 68 1B 7C 00 00 42 9C 00 00 1A 19 61 65 70 68 1B 7C 00 00 42 9C 00 00 1A 19 61 65 70 68 1B 7C 00 00 42 9C 00 00 1A 19 61 65 70 68 1B 7C 00 00 42 9C 00 00 1A 19 61 65 70 68 1B 7C 00 00 42 9C 00 00 1A
0x74, prev: 0x19: 19 65 [74] 61 65 1F 7F 00 00 F0 95 00 00 1A 19 65 74 61 65 1F 7F 00 00 F0 95 00 00 1A 19 65 74 61 65 1F 7F 00 00 F0 95 00 00 1A 19 65 74 61 65 1F 7F 00 00 F0 95 00 00 1A 19 65 74 61 65 1F 7F 00 00 F0 95 00 00 1A 19 65 74 61 65 1F 7F 00 00 F0 95 00 00 1A 19 65 74 61 65 1F 7F 00 00 F0 95 00 00 1A 19 65 74 61 65 1F 7F 00 00 F0 95 00 00 1A 19 65 74 61 65 1F 7F 00 00 F0 95 00 00 1A 19 65 74 61 65 1F 7F 00 00 F0 95 00 00 1A 19 65 74 61 65 1F 7F 00 00 F0 95 00 00 1A 19 65 74 61 65 1F 7F 00 00 F0 95 00 00 1A 19 65 74 61 65 1F 7F 00 00 F0 95 00 00 1A 19 65 74 61 65 1F 7F 00 00 F0 95 00 00 1A 19 65 74 61 65 1F 7F 00 00 F0 95 00 00 1A 19 65 74 61 65 1F 7F 00 00 F0 95 00 00 1A 19 65 74 61 65 1F 7F 00 00 F0 95 00 00 1A 19 65 74 61 65 1F 7F 00 00 F0 95 00 00 1A 19 65 74 61 65 1F 7F 00 00 F0 95 00 00 1A 19 65 74 61 65 1F 7F 00 00 F0 95 00 00 1A 19 65 74 61 65 1F 7F 00 00 F0 95 00 00 1A 19 65 74 61 65 1F 7F 00 00 F0 95 00 00 1A 19 65 74 61 65 1F 7F 00 00 F0 95 00 00 1A 19 65 74 61 65 1F 7F 00 00 F0 95 00 00 1A 19 65 74 61 65 1F 7F 00 00 F0 95 00 00 1A 19 65 74 61 65 1F 7F 00 00 F0 95 00 00 1A 19 65 74 61 65 1F 7F 00 00 F0 95 00 00 1A 19 65 74 61 65 1F 7F 00 00 F0 95 00 00 1A 19 65 74 61 65 1F 7F 00 00 F0 95 00 00 1A 19 65 74 61 65 1F 7F 00 00 F0 95 00 00 1A 19 65 74 61 65 1F 7F 00 00 F0 95 00 00 1A 19 65 74 61 65 1F 7F 00 00 F0 95 00 00 1A 19 65 74 61 65 1F 7F 00 00 F0 95 00 00 1A 19 65 74 61 65 1F 7F 00 00 F0 95 00 00 1A 19 65 74 61 65 1F 7F 00 00 F0 95 00 00 1A 19 65 74 61 65 1F 7F 00 00 F0 95 00 00 1A 19 65 74 61 65 1F 7F 00 00 F0 95 00 00 1A 19 65 74 61 65 1F 7F 00 00 F0 95 00 00 1A 19 65 74 61 65 1F 7F 00 00 F0 95 00 00 1A 19 65 74 61 65 1F 7F 00 00 F0 95 00 00 1A 19 65 74 61 65 1F 7F 00 00 F0 95 00 00 1A 19 65 74 61 65 1F 7F 00 00 F0 95 00 00 1A 19 65 74 61 65 1F 7F 00 00 F0 95 00 00 1A 19 65 74 61 65 1F 7F 00 00 F0 95 00 00 1A 19 65 74 61 65 1F 7F 00 00 F0 95 00 00 1A 19 65 74 61 65 1F 7F 00 00 F0 95 00 00 1A 19 65 74 61 65 1F 7F 00 00 F0 95 00 00 1A 19 65 74 61 65 1F 7F 00 00 F0 95 00 00 1A 19 65 74 61 65 1F 7F 00 00 F0 95 00 00 1A 19 65 74 61 65 1F 7F 00 00 F0 95 00 00 1A 19 65 74 61 65 1F 7F 00 00 F0 95 00 00 1A 19 65 74 61 65 1F 7F 00 00 F0 95 00 00 1A 19 65 74 61 65 1F 7F 00 00 F0 95 00 00 1A 19 65 74 61 65 1F 7F 00 00 F0 95 00 00 1A 19 65 74 61 65 1F 7F 00 00 F0 95 00 00 1A 19 65 74 61 65 1F 7F 00 00 F0 95 00 00 1A 19 65 74 61 65 1F 7F 00 00 F0 95 00 00 1A 19 65 74 61 65 1F 7F 00 00 F0 95 00 00 1A 19 65 74 61 65 1F 7F 00 00 F0 95 00 00 1A 19 65 74 61 65 1F 7F 00 00 F0 95 00 00 1A 19 65 74 61 65 1F 7F 00 00 F0 95 00 00 1A 19 65 74 61 65 1F 7F 00 00 F0 95 00 00 1A 19 65 74 61 65 1F 7F 00 00 F0 95 00 00 1A 19 65 74 61 65 1F 7F 00 00 F0 95 00 00 1A 19 65 74 61 65 1F 7F 00 00 F0 95 00 00 1A 19 65 74 61 65 1F 7F 00 00 F0 95 00 00 1A 19 65 74 61 65 1F 7F 00 00 F0 95 00 00 1A 19 65 74 61 65 1F 7F 00 00 F0 95 00 00 1A 19 65 74 61 65 1F 7F 00 00 F0 95 00 00 1A 19 65 74 61 65 1F 7F 00 00 F0 95 00 00 1A 19 65 74 61 65 1F 7F 00 00 F0 95 00 00 1A 19 65 74 61 65 1F 7F 00 00 F0 95 00 00 1A 19 65 74 61 65 1F 7F 00 00 F0 95 00 00 1A
0x1F, prev: 0x65: 19 65 74 61 65 [1F] 7F 00 00 F0 95 00 00 1A 19 65 74 61 65 1F 7F 00 00 F0 95 00 00 1A 19 65 74 61 65 1F 7F 00 00 F0 95 00 00 1A 19 65 74 61 65 1F 7F 00 00 F0 95 00 00 1A 19 65 74 61 65 1F 7F 00 00 F0 95 00 00 1A 19 65 74 61 65 1F 7F 00 00 F0 95 00 00 1A 19 65 74 61 65 1F 7F 00 00 F0 95 00 00 1A 19 65 74 61 65 1F 7F 00 00 F0 95 00 00 1A 19 65 74 61 65 1F 7F 00 00 F0 95 00 00 1A 19 65 74 61 65 1F 7F 00 00 F0 95 00 00 1A 19 65 74 61 65 1F 7F 00 00 F0 95 00 00 1A 19 65 74 61 65 1F 7F 00 00 F0 95 00 00 1A 19 65 74 61 65 1F 7F 00 00 F0 95 00 00 1A 19 65 74 61 65 1F 7F 00 00 F0 95 00 00 1A 19 65 74 61 65 1F 7F 00 00 F0 95 00 00 1A 19 65 74 61 65 1F 7F 00 00 F0 95 00 00 1A 19 65 74 61 65 1F 7F 00 00 F0 95 00 00 1A 19 65 74 61 65 1F 7F 00 00 F0 95 00 00 1A 19 65 74 61 65 1F 7F 00 00 F0 95 00 00 1A 19 65 74 61 65 1F 7F 00 00 F0 95 00 00 1A 19 65 74 61 65 1F 7F 00 00 F0 95 00 00 1A 19 65 74 61 65 1F 7F 00 00 F0 95 00 00 1A 19 65 74 61 65 1F 7F 00 00 F0 95 00 00 1A 19 65 74 61 65 1F 7F 00 00 F0 95 00 00 1A 19 65 74 61 65 1F 7F 00 00 F0 95 00 00 1A 19 65 74 61 65 1F 7F 00 00 F0 95 00 00 1A 19 65 74 61 65 1F 7F 00 00 F0 95 00 00 1A 19 65 74 61 65 1F 7F 00 00 F0 95 00 00 1A 19 65 74 61 65 1F 7F 00 00 F0 95 00 00 1A 19 65 74 61 65 1F 7F 00 00 F0 95 00 00 1A 19 65 74 61 65 1F 7F 00 00 F0 95 00 00 1A 19 65 74 61 65 1F 7F 00 00 F0 95 00 00 1A 19 65 74 61 65 1F 7F 00 00 F0 95 00 00 1A 19 65 74 61 65 1F 7F 00 00 F0 95 00 00 1A 19 65 74 61 65 1F 7F 00 00 F0 95 00 00 1A 19 65 74 61 65 1F 7F 00 00 F0 95 00 00 1A 19 65 74 61 65 1F 7F 00 00 F0 95 00 00 1A 19 65 74 61 65 1F 7F 00 00 F0 95 00 00 1A 19 65 74 61 65 1F 7F 00 00 F0 95 00 00 1A 19 65 74 61 65 1F 7F 00 00 F0 95 00 00 1A 19 65 74 61 65 1F 7F 00 00 F0 95 00 00 1A 19 65 74 61 65 1F 7F 00 00 F0 95 00 00 1A 19 65 74 61 65 1F 7F 00 00 F0 95 00 00 1A 19 65 74 61 65 1F 7F 00 00 F0 95 00 00 1A 19 65 74 61 65 1F 7F 00 00 F0 95 00 00 1A 19 65 74 61 65 1F 7F 00 00 F0 95 00 00 1A 19 65 74 61 65 1F 7F 00 00 F0 95 00 00 1A 19 65 74 61 65 1F 7F 00 00 F0 95 00 00 1A 19 65 74 61 65 1F 7F 00 00 F0 95 00 00 1A 19 65 74 61 65 1F 7F 00 00 F0 95 00 00 1A 19 65 74 61 65 1F 7F 00 00 F0 95 00 00 1A 19 65 74 61 65 1F 7F 00 00 F0 95 00 00 1A 19 65 74 61 65 1F 7F 00 00 F0 95 00 00 1A 19 65 74 61 65 1F 7F 00 00 F0 95 00 00 1A 19 65 74 61 65 1F 7F 00 00 F0 95 00 00 1A 19 65 74 61 65 1F 7F 00 00 F0 95 00 00 1A 19 65 74 61 65 1F 7F 00 00 F0 95 00 00 1A 19 65 74 61 65 1F 7F 00 00 F0 95 00 00 1A 19 65 74 61 65 1F 7F 00 00 F0 95 00 00 1A 19 65 74 61 65 1F 7F 00 00 F0 95 00 00 1A 19 65 74 61 65 1F 7F 00 00 F0 95 00 00 1A 19 65 74 61 65 1F 7F 00 00 F0 95 00 00 1A 19 65 74 61 65 1F 7F 00 00 F0 95 00 00 1A 19 65 74 61 65 1F 7F 00 00 F0 95 00 00 1A 19 65 74 61 65 1F 7F 00 00 F0 95 00 00 1A 19 65 74 61 65 1F 7F 00 00 F0 95 00 00 1A 19 65 74 61 65 1F 7F 00 00 F0 95 00 00 1A 19 65 74 61 65 1F 7F 00 00 F0 95 00 00 1A 19 65 74 61 65 1F 7F 00 00 F0 95 00 00 1A 19 65 74 61 65 1F 7F 00 00 F0 95 00 00 1A 19 65 74 61 65 1F 7F 00 00 F0 95 00 00 1A 19 65 74 61 65 1F 7F 00 00 F0 95 00 00 1A 19 65 74 61 65 1F 7F 00 00 F0 95 00 00 1A
0x00, prev: 0x1F: 19 65 74 61 65 1F 7F [00] 00 F0 95 00 00 1A 19 65 74 61 65 1F 7F 00 00 F0 95 00 00 1A 19 65 74 61 65 1F 7F 00 00 F0 95 00 00 1A 19 65 74 61 65 1F 7F 00 00 F0 95 00 00 1A 19 65 74 61 65 1F 7F 00 00 F0 95 00 00 1A 19 65 74 61 65 1F 7F 00 00 F0 95 00 00 1A 19 65 74 61 65 1F 7F 00 00 F0 95 00 00 1A 19 65 74 61 65 1F 7F 00 00 F0 95 00 00 1A 19 65 74 61 65 1F 7F 00 00 F0 95 00 00 1A 19 65 74 61 65 1F 7F 00 00 F0 95 00 00 1A 19 65 74 61 65 1F 7F 00 00 F0 95 00 00 1A 19 65 74 61 65 1F 7F 00 00 F0 95 00 00 1A 19 65 74 61 65 1F 7F 00 00 F0 95 00 00 1A 19 65 74 61 65 1F 7F 00 00 F0 95 00 00 1A 19 65 74 61 65 1F 7F 00 00 F0 95 00 00 1A 19 65 74 61 65 1F 7F 00 00 F0 95 00 00 1A 19 65 74 61 65 1F 7F 00 00 F0 95 00 00 1A 19 65 74 61 65 1F 7F 00 00 F0 95 00 00 1A 19 65 74 61 65 1F 7F 00 00 F0 95 00 00 1A 19 65 74 61 65 1F 7F 00 00 F0 95 00 00 1A 19 65 74 61 65 1F 7F 00 00 F0 95 00 00 1A 19 65 74 61 65 1F 7F 00 00 F0 95 00 00 1A 19 65 74 61 65 1F 7F 00 00 F0 95 00 00 1A 19 65 74 61 65 1F 7F 00 00 F0 95 00 00 1A 19 65 74 61 65 1F 7F 00 00 F0 95 00 00 1A 19 65 74 61 65 1F 7F 00 00 F0 95 00 00 1A 19 65 74 61 65 1F 7F 00 00 F0 95 00 00 1A 19 65 74 61 65 1F 7F 00 00 F0 95 00 00 1A 19 65 74 61 65 1F 7F 00 00 F0 95 00 00 1A 19 65 74 61 65 1F 7F 00 00 F0 95 00 00 1A 19 65 74 61 65 1F 7F 00 00 F0 95 00 00 1A 19 65 74 61 65 1F 7F 00 00 F0 95 00 00 1A 19 65 74 61 65 1F 7F 00 00 F0 95 00 00 1A 19 65 74 61 65 1F 7F 00 00 F0 95 00 00 1A 19 65 74 61 65 1F 7F 00 00 F0 95 00 00 1A 19 65 74 61 65 1F 7F 00 00 F0 95 00 00 1A 19 65 74 61 65 1F 7F 00 00 F0 95 00 00 1A 19 65 74 61 65 1F 7F 00 00 F0 95 00 00 1A 19 65 74 61 65 1F 7F 00 00 F0 95 00 00 1A 19 65 74 61 65 1F 7F 00 00 F0 95 00 00 1A 19 65 74 61 65 1F 7F 00 00 F0 95 00 00 1A 19 65 74 61 65 1F 7F 00 00 F0 95 00 00 1A 19 65 74 61 65 1F 7F 00 00 F0 95 00 00 1A 19 65 74 61 65 1F 7F 00 00 F0 95 00 00 1A 19 65 74 61 65 1F 7F 00 00 F0 95 00 00 1A 19 65 74 61 65 1F 7F 00 00 F0 95 00 00 1A 19 65 74 61 65 1F 7F 00 00 F0 95 00 00 1A 19 65 74 61 65 1F 7F 00 00 F0 95 00 00 1A 19 65 74 61 65 1F 7F 00 00 F0 95 00 00 1A 19 65 74 61 65 1F 7F 00 00 F0 95 00 00 1A 19 65 74 61 65 1F 7F 00 00 F0 95 00 00 1A 19 65 74 61 65 1F 7F 00 00 F0 95 00 00 1A 19 65 74 61 65 1F 7F 00 00 F0 95 00 00 1A 19 65 74 61 65 1F 7F 00 00 F0 95 00 00 1A 19 65 74 61 65 1F 7F 00 00 F0 95 00 00 1A 19 65 74 61 65 1F 7F 00 00 F0 95 00 00 1A 19 65 74 61 65 1F 7F 00 00 F0 95 00 00 1A 19 65 74 61 65 1F 7F 00 00 F0 95 00 00 1A 19 65 74 61 65 1F 7F 00 00 F0 95 00 00 1A 19 65 74 61 65 1F 7F 00 00 F0 95 00 00 1A 19 65 74 61 65 1F 7F 00 00 F0 95 00 00 1A 19 65 74 61 65 1F 7F 00 00 F0 95 00 00 1A 19 65 74 61 65 1F 7F 00 00 F0 95 00 00 1A 19 65 74 61 65 1F 7F 00 00 F0 95 00 00 1A 19 65 74 61 65 1F 7F 00 00 F0 95 00 00 1A 19 65 74 61 65 1F 7F 00 00 F0 95 00 00 1A 19 65 74 61 65 1F 7F 00 00 F0 95 00 00 1A 19 65 74 61 65 1F 7F 00 00 F0 95 00 00 1A 19 65 74 61 65 1F 7F 00 00 F0 95 00 00 1A 19 65 74 61 65 1F 7F 00 00 F0 95 00 00 1A 19 65 74 61 65 1F 7F 00 00 F0 95 00 00 1A 19 65 74 61 65 1F 7F 00 00 F0 95 00 00 1A 19 65 74 61 65 1F 7F 00 00 F0 95 00 00 1A
0xF0, prev: 0x00: 19 65 74 61 65 1F 7F 00 00 [F0] 95 00 00 1A 19 65 74 61 65 1F 7F 00 00 F0 95 00 00 1A 19 65 74 61 65 1F 7F 00 00 F0 95 00 00 1A 19 65 74 61 65 1F 7F 00 00 F0 95 00 00 1A 19 65 74 61 65 1F 7F 00 00 F0 95 00 00 1A 19 65 74 61 65 1F 7F 00 00 F0 95 00 00 1A 19 65 74 61 65 1F 7F 00 00 F0 95 00 00 1A 19 65 74 61 65 1F 7F 00 00 F0 95 00 00 1A 19 65 74 61 65 1F 7F 00 00 F0 95 00 00 1A 19 65 74 61 65 1F 7F 00 00 F0 95 00 00 1A 19 65 74 61 65 1F 7F 00 00 F0 95 00 00 1A 19 65 74 61 65 1F 7F 00 00 F0 95 00 00 1A 19 65 74 61 65 1F 7F 00 00 F0 95 00 00 1A 19 65 74 61 65 1F 7F 00 00 F0 95 00 00 1A 19 65 74 61 65 1F 7F 00 00 F0 95 00 00 1A 19 65 74 61 65 1F 7F 00 00 F0 95 00 00 1A 19 65 74 61 65 1F 7F 00 00 F0 95 00 00 1A 19 65 74 61 65 1F 7F 00 00 F0 95 00 00 1A 19 65 74 61 65 1F 7F 00 00 F0 95 00 00 1A 19 65 74 61 65 1F 7F 00 00 F0 95 00 00 1A 19 65 74 61 65 1F 7F 00 00 F0 95 00 00 1A 19 65 74 61 65 1F 7F 00 00 F0 95 00 00 1A 19 65 74 61 65 1F 7F 00 00 F0 95 00 00 1A 19 65 74 61 65 1F 7F 00 00 F0 95 00 00 1A 19 65 74 61 65 1F 7F 00 00 F0 95 00 00 1A 19 65 74 61 65 1F 7F 00 00 F0 95 00 00 1A 19 65 74 61 65 1F 7F 00 00 F0 95 00 00 1A 19 65 74 61 65 1F 7F 00 00 F0 95 00 00 1A 19 65 74 61 65 1F 7F 00 00 F0 95 00 00 1A 19 65 74 61 65 1F 7F 00 00 F0 95 00 00 1A 19 65 74 61 65 1F 7F 00 00 F0 95 00 00 1A 19 65 74 61 65 1F 7F 00 00 F0 95 00 00 1A 19 65 74 61 65 1F 7F 00 00 F0 95 00 00 1A 19 65 74 61 65 1F 7F 00 00 F0 95 00 00 1A 19 65 74 61 65 1F 7F 00 00 F0 95 00 00 1A 19 65 74 61 65 1F 7F 00 00 F0 95 00 00 1A 19 65 74 61 65 1F 7F 00 00 F0 95 00 00 1A 19 65 74 61 65 1F 7F 00 00 F0 95 00 00 1A 19 65 74 61 65 1F 7F 00 00 F0 95 00 00 1A 19 65 74 61 65 1F 7F 00 00 F0 95 00 00 1A 19 65 74 61 65 1F 7F 00 00 F0 95 00 00 1A 19 65 74 61 65 1F 7F 00 00 F0 95 00 00 1A 19 65 74 61 65 1F 7F 00 00 F0 95 00 00 1A 19 65 74 61 65 1F 7F 00 00 F0 95 00 00 1A 19 65 74 61 65 1F 7F 00 00 F0 95 00 00 1A 19 65 74 61 65 1F 7F 00 00 F0 95 00 00 1A 19 65 74 61 65 1F 7F 00 00 F0 95 00 00 1A 19 65 74 61 65 1F 7F 00 00 F0 95 00 00 1A 19 65 74 61 65 1F 7F 00 00 F0 95 00 00 1A 19 65 74 61 65 1F 7F 00 00 F0 95 00 00 1A 19 65 74 61 65 1F 7F 00 00 F0 95 00 00 1A 19 65 74 61 65 1F 7F 00 00 F0 95 00 00 1A 19 65 74 61 65 1F 7F 00 00 F0 95 00 00 1A 19 65 74 61 65 1F 7F 00 00 F0 95 00 00 1A 19 65 74 61 65 1F 7F 00 00 F0 95 00 00 1A 19 65 74 61 65 1F 7F 00 00 F0 95 00 00 1A 19 65 74 61 65 1F 7F 00 00 F0 95 00 00 1A 19 65 74 61 65 1F 7F 00 00 F0 95 00 00 1A 19 65 74 61 65 1F 7F 00 00 F0 95 00 00 1A 19 65 74 61 65 1F 7F 00 00 F0 95 00 00 1A 19 65 74 61 65 1F 7F 00 00 F0 95 00 00 1A 19 65 74 61 65 1F 7F 00 00 F0 95 00 00 1A 19 65 74 61 65 1F 7F 00 00 F0 95 00 00 1A 19 65 74 61 65 1F 7F 00 00 F0 95 00 00 1A 19 65 74 61 65 1F 7F 00 00 F0 95 00 00 1A 19 65 74 61 65 1F 7F 00 00 F0 95 00 00 1A 19 65 74 61 65 1F 7F 00 00 F0 95 00 00 1A 19 65 74 61 65 1F 7F 00 00 F0 95 00 00 1A 19 65 74 61 65 1F 7F 00 00 F0 95 00 00 1A 19 65 74 61 65 1F 7F 00 00 F0 95 00 00 1A 19 65 74 61 65 1F 7F 00 00 F0 95 00 00 1A 19 65 74 61 65 1F 7F 00 00 F0 95 00 00 1A 19 65 74 61 65 1F 7F 00 00 F0 95 00 00 1A
0x00, prev: 0xF0: 19 65 74 61 65 1F 7F 00 00 F0 95 [00] 00 1A 19 65 74 61 65 1F 7F 00 00 F0 95 00 00 1A 19 65 74 61 65 1F 7F 00 00 F0 95 00 00 1A 19 65 74 61 65 1F 7F 00 00 F0 95 00 00 1A 19 65 74 61 65 1F 7F 00 00 F0 95 00 00 1A 19 65 74 61 65 1F 7F 00 00 F0 95 00 00 1A 19 65 74 61 65 1F 7F 00 00 F0 95 00 00 1A 19 65 74 61 65 1F 7F 00 00 F0 95 00 00 1A 19 65 74 61 65 1F 7F 00 00 F0 95 00 00 1A 19 65 74 61 65 1F 7F 00 00 F0 95 00 00 1A 19 65 74 61 65 1F 7F 00 00 F0 95 00 00 1A 19 65 74 61 65 1F 7F 00 00 F0 95 00 00 1A 19 65 74 61 65 1F 7F 00 00 F0 95 00 00 1A 19 65 74 61 65 1F 7F 00 00 F0 95 00 00 1A 19 65 74 61 65 1F 7F 00 00 F0 95 00 00 1A 19 65 74 61 65 1F 7F 00 00 F0 95 00 00 1A 19 65 74 61 65 1F 7F 00 00 F0 95 00 00 1A 19 65 74 61 65 1F 7F 00 00 F0 95 00 00 1A 19 65 74 61 65 1F 7F 00 00 F0 95 00 00 1A 19 65 74 61 65 1F 7F 00 00 F0 95 00 00 1A 19 65 74 61 65 1F 7F 00 00 F0 95 00 00 1A 19 65 74 61 65 1F 7F 00 00 F0 95 00 00 1A 19 65 74 61 65 1F 7F 00 00 F0 95 00 00 1A 19 65 74 61 65 1F 7F 00 00 F0 95 00 00 1A 19 65 74 61 65 1F 7F 00 00 F0 95 00 00 1A 19 65 74 61 65 1F 7F 00 00 F0 95 00 00 1A 19 65 74 61 65 1F 7F 00 00 F0 95 00 00 1A 19 65 74 61 65 1F 7F 00 00 F0 95 00 00 1A 19 65 74 61 65 1F 7F 00 00 F0 95 00 00 1A 19 65 74 61 65 1F 7F 00 00 F0 95 00 00 1A 19 65 74 61 65 1F 7F 00 00 F0 95 00 00 1A 19 65 74 61 65 1F 7F 00 00 F0 95 00 00 1A 19 65 74 61 65 1F 7F 00 00 F0 95 00 00 1A 19 65 74 61 65 1F 7F 00 00 F0 95 00 00 1A 19 65 74 61 65 1F 7F 00 00 F0 95 00 00 1A 19 65 74 61 65 1F 7F 00 00 F0 95 00 00 1A 19 65 74 61 65 1F 7F 00 00 F0 95 00 00 1A 19 65 74 61 65 1F 7F 00 00 F0 95 00 00 1A 19 65 74 61 65 1F 7F 00 00 F0 95 00 00 1A 19 65 74 61 65 1F 7F 00 00 F0 95 00 00 1A 19 65 74 61 65 1F 7F 00 00 F0 95 00 00 1A 19 65 74 61 65 1F 7F 00 00 F0 95 00 00 1A 19 65 74 61 65 1F 7F 00 00 F0 95 00 00 1A 19 65 74 61 65 1F 7F 00 00 F0 95 00 00 1A 19 65 74 61 65 1F 7F 00 00 F0 95 00 00 1A 19 65 74 61 65 1F 7F 00 00 F0 95 00 00 1A 19 65 74 61 65 1F 7F 00 00 F0 95 00 00 1A 19 65 74 61 65 1F 7F 00 00 F0 95 00 00 1A 19 65 74 61 65 1F 7F 00 00 F0 95 00 00 1A 19 65 74 61 65 1F 7F 00 00 F0 95 00 00 1A 19 65 74 61 65 1F 7F 00 00 F0 95 00 00 1A 19 65 74 61 65 1F 7F 00 00 F0 95 00 00 1A 19 65 74 61 65 1F 7F 00 00 F0 95 00 00 1A 19 65 74 61 65 1F 7F 00 00 F0 95 00 00 1A 19 65 74 61 65 1F 7F 00 00 F0 95 00 00 1A 19 65 74 61 65 1F 7F 00 00 F0 95 00 00 1A 19 65 74 61 65 1F 7F 00 00 F0 95 00 00 1A 19 65 74 61 65 1F 7F 00 00 F0 95 00 00 1A 19 65 74 61 65 1F 7F 00 00 F0 95 00 00 1A 19 65 74 61 65 1F 7F 00 00 F0 95 00 00 1A 19 65 74 61 65 1F 7F 00 00 F0 95 00 00 1A 19 65 74 61 65 1F 7F 00 00 F0 95 00 00 1A 19 65 74 61 65 1F 7F 00 00 F0 95 00 00 1A 19 65 74 61 65 1F 7F 00 00 F0 95 00 00 1A 19 65 74 61 65 1F 7F 00 00 F0 95 00 00 1A 19 65 74 61 65 1F 7F 00 00 F0 95 00 00 1A 19 65 74 61 65 1F 7F 00 00 F0 95 00 00 1A 19 65 74 61 65 1F 7F 00 00 F0 95 00 00 1A 19 65 74 61 65 1F 7F 00 00 F0 95 00 00 1A 19 65 74 61 65 1F 7F 00 00 F0 95 00 00 1A 19 65 74 61 65 1F 7F 00 00 F0 95 00 00 1A 19 65 74 61 65 1F 7F 00 00 F0 95 00 00 1A 19 65 74 61 65 1F 7F 00 00 F0 95 00 00 1A
0xFF, prev: 0x70: 19 61 65 70 68 [FF] 7B 00 00 5A B4 00 00 1A 19 61 65 70 68 FF 7B 00 00 5A B4 00 00 1A 19 61 65 70 68 FF 7B 00 00 5A B4 00 00 1A 19 61 65 70 68 FF 7B 00 00 5A B4 00 00 1A 19 6C 69 6D 68 FF 7B 00 00 5A B4 00 00 1A 19 6C 69 6D 68 FF 7B 00 00 5A B4 00 00 1A 19 6C 69 6D 68 FF 7B 00 00 5A B4 00 00 1A 19 6C 69 6D 68 FF 7B 00 00 5A B4 00 00 1A 19 6C 69 6D 68 FF 7B 00 00 5A B4 00 00 1A 19 6C 69 6D 68 FF 7B 00 00 5A B4 00 00 1A 19 6C 69 6D 68 FF 7B 00 00 5A B4 00 00 1A 19 6C 69 6D 68 FF 7B 00 00 5A B4 00 00 1A 19 6C 69 6D 68 FF 7B 00 00 5A B4 00 00 1A 19 6C 69 6D 68 FF 7B 00 00 5A B4 00 00 1A 19 61 65 70 68 FF 7B 00 00 5A B4 00 00 1A 19 61 65 70 68 FF 7B 00 00 5A B4 00 00 1A 19 61 65 70 68 FF 7B 00 00 5A B4 00 00 1A 19 61 65 70 68 FF 7B 00 00 5A B4 00 00 1A 19 61 65 70 68 FF 7B 00 00 5A B4 00 00 1A 19 61 65 70 68 FF 7B 00 00 5A B4 00 00 1A 19 61 65 70 68 FF 7B 00 00 5A B4 00 00 1A 19 61 65 70 68 FF 7B 00 00 5A B4 00 00 1A 19 61 65 70 68 FF 7B 00 00 5A B4 00 00 1A 19 61 65 70 68 FF 7B 00 00 5A B4 00 00 1A 19 6C 69 6D 68 FF 7B 00 00 5A B4 00 00 1A 19 6C 69 6D 68 FF 7B 00 00 5A B4 00 00 1A 19 6C 69 6D 68 FF 7B 00 00 5A B4 00 00 1A 19 6C 69 6D 68 FF 7B 00 00 5A B4 00 00 1A 19 6C 69 6D 68 FF 7B 00 00 5A B4 00 00 1A 19 6C 69 6D 68 FF 7B 00 00 5A B4 00 00 1A 19 6C 69 6D 68 FF 7B 00 00 5A B4 00 00 1A 19 6C 69 6D 68 FF 7B 00 00 5A B4 00 00 1A 19 6C 69 6D 68 FF 7B 00 00 5A B4 00 00 1A 19 6C 69 6D 68 FF 7B 00 00 5A B4 00 00 1A 19 61 65 70 68 FF 7B 00 00 5A B4 00 00 1A 19 61 65 70 68 FF 7B 00 00 5A B4 00 00 1A 19 61 65 70 68 FF 7B 00 00 5A B4 00 00 1A 19 61 65 70 68 FF 7B 00 00 5A B4 00 00 1A 19 61 65 70 68 FF 7B 00 00 5A B4 00 00 1A 19 61 65 70 68 FF 7B 00 00 5A B4 00 00 1A 19 61 65 70 68 FF 7B 00 00 5A B4 00 00 1A 19 61 65 70 68 FF 7B 00 00 5A B4 00 00 1A 19 61 65 70 68 FF 7B 00 00 5A B4 00 00 1A 19 61 65 70 68 FF 7B 00 00 5A B4 00 00 1A 19 6C 69 6D 68 FF 7B 00 00 5A B4 00 00 1A 19 6C 69 6D 68 FF 7B 00 00 5A B4 00 00 1A 19 6C 69 6D 68 FF 7B 00 00 5A B4 00 00 1A 19 6C 69 6D 68 FF 7B 00 00 5A B4 00 00 1A 19 6C 69 6D 68 FF 7B 00 00 5A B4 00 00 1A 19 6C 69 6D 68 FF 7B 00 00 5A B4 00 00 1A 19 6C 69 6D 68 FF 7B 00 00 5A B4 00 00 1A 19 6C 69 6D 68 FF 7B 00 00 5A B4 00 00 1A 19 6C 69 6D 68 FF 7B 00 00 5A B4 00 00 1A 19 6C 69 6D 68 FF 7B 00 00 5A B4 00 00 1A 19 61 65 70 68 FF 7B 00 00 5A B4 00 00 1A 19 61 65 70 68 FF 7B 00 00 5A B4 00 00 1A 19 61 65 70 68 FF 7B 00 00 5A B4 00 00 1A 19 61 65 70 68 FF 7B 00 00 5A B4 00 00 1A 19 61 65 70 68 FF 7B 00 00 5A B4 00 00 1A 19 61 65 70 68 FF 7B 00 00 5A B4 00 00 1A 19 61 65 70 68 FF 7B 00 00 5A B4 00 00 1A 19 61 65 70 68 FF 7B 00 00 5A B4 00 00 1A 19 61 65 70 68 FF 7B 00 00 5A B4 00 00 1A 19 61 65 70 68 FF 7B 00 00 5A B4 00 00 1A 19 6C 69 6D 68 FF 7B 00 00 5A B4 00 00 1A 19 6C 69 6D 68 FF 7B 00 00 5A B4 00 00 1A 19 6C 69 6D 68 FF 7B 00 00 5A B4 00 00 1A 19 6C 69 6D 68 FF 7B 00 00 5A B4 00 00 1A 19 6C 69 6D 68 FF 7B 00 00 5A B4 00 00 1A 19 6C 69 6D 68 FF 7B 00 00 5A B4 00 00 1A 19 6C 69 6D 68 FF 7B 00 00 5A B4 00 00 1A 19 6C 69 6D 68 FF 7B 00 00 5A B4 00 00 1A 19 6C 69 6D 68 FF 7B 00 00 5A B4 00 00 1A
0x00, prev: 0xFF: 19 6C 69 6D 68 FF 7B 00 00 5A B4 00 00 1A 19 6C 69 6D 68 FF 7B [00] 00 5A B4 00 00 1A 19 6C 69 6D 68 FF 7B 00 00 5A B4 00 00 1A 19 6C 69 6D 68 FF 7B 00 00 5A B4 00 00 1A 19 6C 69 6D 68 FF 7B 00 00 5A B4 00 00 1A 19 6C 69 6D 68 FF 7B 00 00 5A B4 00 00 1A 19 6C 69 6D 68 FF 7B 00 00 5A B4 00 00 1A 19 6C 69 6D 68 FF 7B 00 00 5A B4 00 00 1A 19 61 65 70 68 FF 7B 00 00 5A B4 00 00 1A 19 61 65 70 68 FF 7B 00 00 5A B4 00 00 1A 19 61 65 70 68 FF 7B 00 00 5A B4 00 00 1A 19 61 65 70 68 FF 7B 00 00 5A B4 00 00 1A 19 61 65 70 68 FF 7B 00 00 5A B4 00 00 1A 19 61 65 70 68 FF 7B 00 00 5A B4 00 00 1A 19 61 65 70 68 FF 7B 00 00 5A B4 00 00 1A 19 61 65 70 68 FF 7B 00 00 5A B4 00 00 1A 19 61 65 70 68 FF 7B 00 00 5A B4 00 00 1A 19 61 65 70 68 FF 7B 00 00 5A B4 00 00 1A 19 6C 69 6D 68 FF 7B 00 00 5A B4 00 00 1A 19 6C 69 6D 68 FF 7B 00 00 5A B4 00 00 1A 19 6C 69 6D 68 FF 7B 00 00 5A B4 00 00 1A 19 6C 69 6D 68 FF 7B 00 00 5A B4 00 00 1A 19 6C 69 6D 68 FF 7B 00 00 5A B4 00 00 1A 19 6C 69 6D 68 FF 7B 00 00 5A B4 00 00 1A 19 6C 69 6D 68 FF 7B 00 00 5A B4 00 00 1A 19 6C 69 6D 68 FF 7B 00 00 5A B4 00 00 1A 19 6C 69 6D 68 FF 7B 00 00 5A B4 00 00 1A 19 6C 69 6D 68 FF 7B 00 00 5A B4 00 00 1A 19 61 65 70 68 FF 7B 00 00 5A B4 00 00 1A 19 61 65 70 68 FF 7B 00 00 5A B4 00 00 1A 19 61 65 70 68 FF 7B 00 00 5A B4 00 00 1A 19 61 65 70 68 FF 7B 00 00 5A B4 00 00 1A 19 61 65 70 68 FF 7B 00 00 5A B4 00 00 1A 19 61 65 70 68 FF 7B 00 00 5A B4 00 00 1A 19 61 65 70 68 FF 7B 00 00 5A B4 00 00 1A 19 61 65 70 68 FF 7B 00 00 5A B4 00 00 1A 19 61 65 70 68 FF 7B 00 00 5A B4 00 00 1A 19 61 65 70 68 FF 7B 00 00 5A B4 00 00 1A 19 6C 69 6D 68 FF 7B 00 00 5A B4 00 00 1A 19 6C 69 6D 68 FF 7B 00 00 5A B4 00 00 1A 19 6C 69 6D 68 FF 7B 00 00 5A B4 00 00 1A 19 6C 69 6D 68 FF 7B 00 00 5A B4 00 00 1A 19 6C 69 6D 68 FF 7B 00 00 5A B4 00 00 1A 19 6C 69 6D 68 FF 7B 00 00 5A B4 00 00 1A 19 6C 69 6D 68 FF 7B 00 00 5A B4 00 00 1A 19 6C 69 6D 68 FF 7B 00 00 5A B4 00 00 1A 19 6C 69 6D 68 FF 7B 00 00 5A B4 00 00 1A 19 6C 69 6D 68 FF 7B 00 00 5A B4 00 00 1A 19 61 65 70 68 FF 7B 00 00 5A B4 00 00 1A 19 61 65 70 68 FF 7B 00 00 5A B4 00 00 1A 19 61 65 70 68 FF 7B 00 00 5A B4 00 00 1A 19 61 65 70 68 FF 7B 00 00 5A B4 00 00 1A 19 61 65 70 68 FF 7B 00 00 5A B4 00 00 1A 19 61 65 70 68 FF 7B 00 00 5A B4 00 00 1A 19 61 65 70 68 FF 7B 00 00 5A B4 00 00 1A 19 61 65 70 68 FF 7B 00 00 5A B4 00 00 1A 19 61 65 70 68 FF 7B 00 00 5A B4 00 00 1A 19 61 65 70 68 FF 7B 00 00 5A B4 00 00 1A 19 6C 69 6D 68 FF 7B 00 00 5A B4 00 00 1A 19 6C 69 6D 68 FF 7B 00 00 5A B4 00 00 1A 19 6C 69 6D 68 FF 7B 00 00 5A B4 00 00 1A 19 6C 69 6D 68 FF 7B 00 00 5A B4 00 00 1A 19 6C 69 6D 68 FF 7B 00 00 5A B4 00 00 1A 19 6C 69 6D 68 FF 7B 00 00 5A B4 00 00 1A 19 6C 69 6D 68 FF 7B 00 00 5A B4 00 00 1A 19 6C 69 6D 68 FF 7B 00 00 5A B4 00 00 1A 19 6C 69 6D 68 FF 7B 00 00 5A B4 00 00 1A 19 6C 69 6D 68 FF 7B 00 00 5A B4 00 00 1A 19 61 65 70 68 FF 7B 00 00 5A B4 00 00 1A 19 61 65 70 68 FF 7B 00 00 5A B4 00 00 1A 19 61 65 70 68 FF 7B 00 00 5A B4 00 00 1A 19 61 65 70 68 FF 7B 00 00 5A B4 00 00 1A 19 61 65 70 68 FF 7B 00 00 5A B4 00 00 1A
0x5A, prev: 0x00: 19 6C 69 6D 68 FF 7B 00 00 5A B4 00 00 1A 19 6C 69 6D 68 FF 7B 00 00 [5A] B4 00 00 1A 19 6C 69 6D 68 FF 7B 00 00 5A B4 00 00 1A 19 6C 69 6D 68 FF 7B 00 00 5A B4 00 00 1A 19 6C 69 6D 68 FF 7B 00 00 5A B4 00 00 1A 19 6C 69 6D 68 FF 7B 00 00 5A B4 00 00 1A 19 6C 69 6D 68 FF 7B 00 00 5A B4 00 00 1A 19 6C 69 6D 68 FF 7B 00 00 5A B4 00 00 1A 19 61 65 70 68 FF 7B 00 00 5A B4 00 00 1A 19 61 65 70 68 FF 7B 00 00 5A B4 00 00 1A 19 61 65 70 68 FF 7B 00 00 5A B4 00 00 1A 19 61 65 70 68 FF 7B 00 00 5A B4 00 00 1A 19 61 65 70 68 FF 7B 00 00 5A B4 00 00 1A 19 61 65 70 68 FF 7B 00 00 5A B4 00 00 1A 19 61 65 70 68 FF 7B 00 00 5A B4 00 00 1A 19 61 65 70 68 FF 7B 00 00 5A B4 00 00 1A 19 61 65 70 68 FF 7B 00 00 5A B4 00 00 1A 19 61 65 70 68 FF 7B 00 00 5A B4 00 00 1A 19 6C 69 6D 68 FF 7B 00 00 5A B4 00 00 1A 19 6C 69 6D 68 FF 7B 00 00 5A B4 00 00 1A 19 6C 69 6D 68 FF 7B 00 00 5A B4 00 00 1A 19 6C 69 6D 68 FF 7B 00 00 5A B4 00 00 1A 19 6C 69 6D 68 FF 7B 00 00 5A B4 00 00 1A 19 6C 69 6D 68 FF 7B 00 00 5A B4 00 00 1A 19 6C 69 6D 68 FF 7B 00 00 5A B4 00 00 1A 19 6C 69 6D 68 FF 7B 00 00 5A B4 00 00 1A 19 6C 69 6D 68 FF 7B 00 00 5A B4 00 00 1A 19 6C 69 6D 68 FF 7B 00 00 5A B4 00 00 1A 19 61 65 70 68 FF 7B 00 00 5A B4 00 00 1A 19 61 65 70 68 FF 7B 00 00 5A B4 00 00 1A 19 61 65 70 68 FF 7B 00 00 5A B4 00 00 1A 19 61 65 70 68 FF 7B 00 00 5A B4 00 00 1A 19 61 65 70 68 FF 7B 00 00 5A B4 00 00 1A 19 61 65 70 68 FF 7B 00 00 5A B4 00 00 1A 19 61 65 70 68 FF 7B 00 00 5A B4 00 00 1A 19 61 65 70 68 FF 7B 00 00 5A B4 00 00 1A 19 61 65 70 68 FF 7B 00 00 5A B4 00 00 1A 19 61 65 70 68 FF 7B 00 00 5A B4 00 00 1A 19 6C 69 6D 68 FF 7B 00 00 5A B4 00 00 1A 19 6C 69 6D 68 FF 7B 00 00 5A B4 00 00 1A 19 6C 69 6D 68 FF 7B 00 00 5A B4 00 00 1A 19 6C 69 6D 68 FF 7B 00 00 5A B4 00 00 1A 19 6C 69 6D 68 FF 7B 00 00 5A B4 00 00 1A 19 6C 69 6D 68 FF 7B 00 00 5A B4 00 00 1A 19 6C 69 6D 68 FF 7B 00 00 5A B4 00 00 1A 19 6C 69 6D 68 FF 7B 00 00 5A B4 00 00 1A 19 6C 69 6D 68 FF 7B 00 00 5A B4 00 00 1A 19 6C 69 6D 68 FF 7B 00 00 5A B4 00 00 1A 19 61 65 70 68 FF 7B 00 00 5A B4 00 00 1A 19 61 65 70 68 FF 7B 00 00 5A B4 00 00 1A 19 61 65 70 68 FF 7B 00 00 5A B4 00 00 1A 19 61 65 70 68 FF 7B 00 00 5A B4 00 00 1A 19 61 65 70 68 FF 7B 00 00 5A B4 00 00 1A 19 61 65 70 68 FF 7B 00 00 5A B4 00 00 1A 19 61 65 70 68 FF 7B 00 00 5A B4 00 00 1A 19 61 65 70 68 FF 7B 00 00 5A B4 00 00 1A 19 61 65 70 68 FF 7B 00 00 5A B4 00 00 1A 19 61 65 70 68 FF 7B 00 00 5A B4 00 00 1A 19 6C 69 6D 68 FF 7B 00 00 5A B4 00 00 1A 19 6C 69 6D 68 FF 7B 00 00 5A B4 00 00 1A 19 6C 69 6D 68 FF 7B 00 00 5A B4 00 00 1A 19 6C 69 6D 68 FF 7B 00 00 5A B4 00 00 1A 19 6C 69 6D 68 FF 7B 00 00 5A B4 00 00 1A 19 6C 69 6D 68 FF 7B 00 00 5A B4 00 00 1A 19 6C 69 6D 68 FF 7B 00 00 5A B4 00 00 1A 19 6C 69 6D 68 FF 7B 00 00 5A B4 00 00 1A 19 6C 69 6D 68 FF 7B 00 00 5A B4 00 00 1A 19 6C 69 6D 68 FF 7B 00 00 5A B4 00 00 1A 19 61 65 70 68 FF 7B 00 00 5A B4 00 00 1A 19 61 65 70 68 FF 7B 00 00 5A B4 00 00 1A 19 61 65 70 68 FF 7B 00 00 5A B4 00 00 1A 19 61 65 70 68 FF 7B 00 00 5A B4 00 00 1A 19 61 65 70 68 FF 7B 00 00 5A B4 00 00 1A
0x00, prev: 0x5A: 19 6C 69 6D 68 FF 7B 00 00 5A B4 00 00 1A 19 6C 69 6D 68 FF 7B 00 00 5A B4 [00] 00 1A 19 6C 69 6D 68 FF 7B 00 00 5A B4 00 00 1A 19 6C 69 6D 68 FF 7B 00 00 5A B4 00 00 1A 19 6C 69 6D 68 FF 7B 00 00 5A B4 00 00 1A 19 6C 69 6D 68 FF 7B 00 00 5A B4 00 00 1A 19 6C 69 6D 68 FF 7B 00 00 5A B4 00 00 1A 19 6C 69 6D 68 FF 7B 00 00 5A B4 00 00 1A 19 61 65 70 68 FF 7B 00 00 5A B4 00 00 1A 19 61 65 70 68 FF 7B 00 00 5A B4 00 00 1A 19 61 65 70 68 FF 7B 00 00 5A B4 00 00 1A 19 61 65 70 68 FF 7B 00 00 5A B4 00 00 1A 19 61 65 70 68 FF 7B 00 00 5A B4 00 00 1A 19 61 65 70 68 FF 7B 00 00 5A B4 00 00 1A 19 61 65 70 68 FF 7B 00 00 5A B4 00 00 1A 19 61 65 70 68 FF 7B 00 00 5A B4 00 00 1A 19 61 65 70 68 FF 7B 00 00 5A B4 00 00 1A 19 61 65 70 68 FF 7B 00 00 5A B4 00 00 1A 19 6C 69 6D 68 FF 7B 00 00 5A B4 00 00 1A 19 6C 69 6D 68 FF 7B 00 00 5A B4 00 00 1A 19 6C 69 6D 68 FF 7B 00 00 5A B4 00 00 1A 19 6C 69 6D 68 FF 7B 00 00 5A B4 00 00 1A 19 6C 69 6D 68 FF 7B 00 00 5A B4 00 00 1A 19 6C 69 6D 68 FF 7B 00 00 5A B4 00 00 1A 19 6C 69 6D 68 FF 7B 00 00 5A B4 00 00 1A 19 6C 69 6D 68 FF 7B 00 00 5A B4 00 00 1A 19 6C 69 6D 68 FF 7B 00 00 5A B4 00 00 1A 19 6C 69 6D 68 FF 7B 00 00 5A B4 00 00 1A 19 61 65 70 68 FF 7B 00 00 5A B4 00 00 1A 19 61 65 70 68 FF 7B 00 00 5A B4 00 00 1A 19 61 65 70 68 FF 7B 00 00 5A B4 00 00 1A 19 61 65 70 68 FF 7B 00 00 5A B4 00 00 1A 19 61 65 70 68 FF 7B 00 00 5A B4 00 00 1A 19 61 65 70 68 FF 7B 00 00 5A B4 00 00 1A 19 61 65 70 68 FF 7B 00 00 5A B4 00 00 1A 19 61 65 70 68 FF 7B 00 00 5A B4 00 00 1A 19 61 65 70 68 FF 7B 00 00 5A B4 00 00 1A 19 61 65 70 68 FF 7B 00 00 5A B4 00 00 1A 19 6C 69 6D 68 FF 7B 00 00 5A B4 00 00 1A 19 6C 69 6D 68 FF 7B 00 00 5A B4 00 00 1A 19 6C 69 6D 68 FF 7B 00 00 5A B4 00 00 1A 19 6C 69 6D 68 FF 7B 00 00 5A B4 00 00 1A 19 6C 69 6D 68 FF 7B 00 00 5A B4 00 00 1A 19 6C 69 6D 68 FF 7B 00 00 5A B4 00 00 1A 19 6C 69 6D 68 FF 7B 00 00 5A B4 00 00 1A 19 6C 69 6D 68 FF 7B 00 00 5A B4 00 00 1A 19 6C 69 6D 68 FF 7B 00 00 5A B4 00 00 1A 19 6C 69 6D 68 FF 7B 00 00 5A B4 00 00 1A 19 61 65 70 68 FF 7B 00 00 5A B4 00 00 1A 19 61 65 70 68 FF 7B 00 00 5A B4 00 00 1A 19 61 65 70 68 FF 7B 00 00 5A B4 00 00 1A 19 61 65 70 68 FF 7B 00 00 5A B4 00 00 1A 19 61 65 70 68 FF 7B 00 00 5A B4 00 00 1A 19 61 65 70 68 FF 7B 00 00 5A B4 00 00 1A 19 61 65 70 68 FF 7B 00 00 5A B4 00 00 1A 19 61 65 70 68 FF 7B 00 00 5A B4 00 00 1A 19 61 65 70 68 FF 7B 00 00 5A B4 00 00 1A 19 61 65 70 68 FF 7B 00 00 5A B4 00 00 1A 19 6C 69 6D 68 FF 7B 00 00 5A B4 00 00 1A 19 6C 69 6D 68 FF 7B 00 00 5A B4 00 00 1A 19 6C 69 6D 68 FF 7B 00 00 5A B4 00 00 1A 19 6C 69 6D 68 FF 7B 00 00 5A B4 00 00 1A 19 6C 69 6D 68 FF 7B 00 00 5A B4 00 00 1A 19 6C 69 6D 68 FF 7B 00 00 5A B4 00 00 1A 19 6C 69 6D 68 FF 7B 00 00 5A B4 00 00 1A 19 6C 69 6D 68 FF 7B 00 00 5A B4 00 00 1A 19 6C 69 6D 68 FF 7B 00 00 5A B4 00 00 1A 19 6C 69 6D 68 FF 7B 00 00 5A B4 00 00 1A 19 61 65 70 68 FF 7B 00 00 5A B4 00 00 1A 19 61 65 70 68 FF 7B 00 00 5A B4 00 00 1A 19 61 65 70 68 FF 7B 00 00 5A B4 00 00 1A 19 61 65 70 68 FF 7B 00 00 5A B4 00 00 1A 19 61 65 70 68 FF 7B 00 00 5A B4 00 00 1A
0xFF, prev: 0x69: 19 6C 69 6D 68 FF 7B 00 00 5A B4 00 00 1A 19 6C 69 6D 68 [FF] 7B 00 00 5A B4 00 00 1A 19 6C 69 6D 68 FF 7B 00 00 5A B4 00 00 1A 19 6C 69 6D 68 FF 7B 00 00 5A B4 00 00 1A 19 6C 69 6D 68 FF 7B 00 00 5A B4 00 00 1A 19 6C 69 6D 68 FF 7B 00 00 5A B4 00 00 1A 19 6C 69 6D 68 FF 7B 00 00 5A B4 00 00 1A 19 6C 69 6D 68 FF 7B 00 00 5A B4 00 00 1A 19 61 65 70 68 FF 7B 00 00 5A B4 00 00 1A 19 61 65 70 68 FF 7B 00 00 5A B4 00 00 1A 19 61 65 70 68 FF 7B 00 00 5A B4 00 00 1A 19 61 65 70 68 FF 7B 00 00 5A B4 00 00 1A 19 61 65 70 68 FF 7B 00 00 5A B4 00 00 1A 19 61 65 70 68 FF 7B 00 00 5A B4 00 00 1A 19 61 65 70 68 FF 7B 00 00 5A B4 00 00 1A 19 61 65 70 68 FF 7B 00 00 5A B4 00 00 1A 19 61 65 70 68 FF 7B 00 00 5A B4 00 00 1A 19 61 65 70 68 FF 7B 00 00 5A B4 00 00 1A 19 6C 69 6D 68 FF 7B 00 00 5A B4 00 00 1A 19 6C 69 6D 68 FF 7B 00 00 5A B4 00 00 1A 19 6C 69 6D 68 FF 7B 00 00 5A B4 00 00 1A 19 6C 69 6D 68 FF 7B 00 00 5A B4 00 00 1A 19 6C 69 6D 68 FF 7B 00 00 5A B4 00 00 1A 19 6C 69 6D 68 FF 7B 00 00 5A B4 00 00 1A 19 6C 69 6D 68 FF 7B 00 00 5A B4 00 00 1A 19 6C 69 6D 68 FF 7B 00 00 5A B4 00 00 1A 19 6C 69 6D 68 FF 7B 00 00 5A B4 00 00 1A 19 6C 69 6D 68 FF 7B 00 00 5A B4 00 00 1A 19 61 65 70 68 FF 7B 00 00 5A B4 00 00 1A 19 61 65 70 68 FF 7B 00 00 5A B4 00 00 1A 19 61 65 70 68 FF 7B 00 00 5A B4 00 00 1A 19 61 65 70 68 FF 7B 00 00 5A B4 00 00 1A 19 61 65 70 68 FF 7B 00 00 5A B4 00 00 1A 19 61 65 70 68 FF 7B 00 00 5A B4 00 00 1A 19 61 65 70 68 FF 7B 00 00 5A B4 00 00 1A 19 61 65 70 68 FF 7B 00 00 5A B4 00 00 1A 19 61 65 70 68 FF 7B 00 00 5A B4 00 00 1A 19 61 65 70 68 FF 7B 00 00 5A B4 00 00 1A 19 6C 69 6D 68 FF 7B 00 00 5A B4 00 00 1A 19 6C 69 6D 68 FF 7B 00 00 5A B4 00 00 1A 19 6C 69 6D 68 FF 7B 00 00 5A B4 00 00 1A 19 6C 69 6D 68 FF 7B 00 00 5A B4 00 00 1A 19 6C 69 6D 68 FF 7B 00 00 5A B4 00 00 1A 19 6C 69 6D 68 FF 7B 00 00 5A B4 00 00 1A 19 6C 69 6D 68 FF 7B 00 00 5A B4 00 00 1A 19 6C 69 6D 68 FF 7B 00 00 5A B4 00 00 1A 19 6C 69 6D 68 FF 7B 00 00 5A B4 00 00 1A 19 6C 69 6D 68 FF 7B 00 00 5A B4 00 00 1A 19 61 65 70 68 FF 7B 00 00 5A B4 00 00 1A 19 61 65 70 68 FF 7B 00 00 5A B4 00 00 1A 19 61 65 70 68 FF 7B 00 00 5A B4 00 00 1A 19 61 65 70 68 FF 7B 00 00 5A B4 00 00 1A 19 61 65 70 68 FF 7B 00 00 5A B4 00 00 1A 19 61 65 70 68 FF 7B 00 00 5A B4 00 00 1A 19 61 65 70 68 FF 7B 00 00 5A B4 00 00 1A 19 61 65 70 68 FF 7B 00 00 5A B4 00 00 1A 19 61 65 70 68 FF 7B 00 00 5A B4 00 00 1A 19 61 65 70 68 FF 7B 00 00 5A B4 00 00 1A 19 6C 69 6D 68 FF 7B 00 00 5A B4 00 00 1A 19 6C 69 6D 68 FF 7B 00 00 5A B4 00 00 1A 19 6C 69 6D 68 FF 7B 00 00 5A B4 00 00 1A 19 6C 69 6D 68 FF 7B 00 00 5A B4 00 00 1A 19 6C 69 6D 68 FF 7B 00 00 5A B4 00 00 1A 19 6C 69 6D 68 FF 7B 00 00 5A B4 00 00 1A 19 6C 69 6D 68 FF 7B 00 00 5A B4 00 00 1A 19 6C 69 6D 68 FF 7B 00 00 5A B4 00 00 1A 19 6C 69 6D 68 FF 7B 00 00 5A B4 00 00 1A 19 6C 69 6D 68 FF 7B 00 00 5A B4 00 00 1A 19 61 65 70 68 FF 7B 00 00 5A B4 00 00 1A 19 61 65 70 68 FF 7B 00 00 5A B4 00 00 1A 19 61 65 70 68 FF 7B 00 00 5A B4 00 00 1A 19 61 65 70 68 FF 7B 00 00 5A B4 00 00 1A 19 61 65 70 68 FF 7B 00 00 5A B4 00 00 1A
General information
- name: BNet
- type: Ladder team game (AT/RT)
- host: Battle.net
- saver: zon_net_mobile
map: PhantomGrove
- players: 4
- length: 01:31
- speed: Fast
- version: 1.25 W3XP
- replay type: Public
» download(10 KB)
Players
team 1 (winner)

»
zon_net_mobile (
red | 56 APM | 86 actions | 01:31)
» actions
| Build / train | 8 | |
| Enter build submenu | 3 | |
| Enter hero's abilities submenu | 19 | |
| Right click | 9 | |
| Select / deselect | 22 | |
| Select subgroup | 19 | |
| Use ability | 6 | |
86 total
» units
» buildings
| Moon Well | 1 | |
| Altar of Elders | 1 | |
| Ancient of War | 1 | |
3 total
» build order
00:11 Moon Well
00:18 Altar of Elders
00:53 Ancient of War
FcoM.pete (
blue | 153 APM | 234 actions | 01:31)
» actions
| Assign group hotkey | 17 | |
| Build / train | 10 | |
| Enter build submenu | 5 | |
| Enter hero's abilities submenu | 26 | |
| Right click | 98 | |
| Select / deselect | 46 | |
| Select group hotkey | 3 | |
| Select subgroup | 26 | |
| Use ability | 3 | |
234 total
» units
» buildings
| Altar of Storms | 1 | |
| Orc Burrow | 1 | |
| Barracks | 1 | |
3 total
» build order
00:06 Altar of Storms
00:18 Orc Burrow
00:36 Barracks
team 2 (loser)
fzx.razing (
purple | 1345 APM | 2056 actions | 01:31)
» actions
| Build / train | 5 | |
| Enter hero's abilities submenu | 8 | |
| Right click | 24 | |
| Select / deselect | 25 | |
| Select subgroup | 14 | |
| Use ability | 1980 | |
2056 total
» units

»
sterni82 (
teal | 1239 APM | 1893 actions | 01:31)
» actions
| Basic commands | 6 | |
| Build / train | 6 | |
| ESC pressed | 901 | |
| Enter build submenu | 5 | |
| Enter hero's abilities submenu | 914 | |
| Right click | 11 | |
| Select / deselect | 20 | |
| Select subgroup | 25 | |
| Use ability | 5 | |
1893 total
» units
» buildings
| Altar of Storms | 1 | |
| Orc Burrow | 3 | |
| Barracks | 1 | |
5 total
» build order
00:08 Altar of Storms
00:19 Orc Burrow
00:23 Orc Burrow
00:25 Orc Burrow
00:35 Barracks
Chat log
(00:34 / Allies) FcoM.pete: creep that for exe
(01:31 / All) FcoM.pete: juhu